Vis, neutral female human Valkyrie ---- --..| ------..)-- ---.--......| |...........-- ------ --......o@.%.[% --..|.--- |... ..--.|) |.......----.. --.--......... ---|.-----... |.| |.... |.| |..<- |.-- |...| |..-- ----- |...| |..-- ---- Vis the Fighter Experience level: 6 Strength: 18 Dexterity: 15 Constitution: 14 Intelligence: 10 Wisdom: 13 Charisma: 7 Health: 0(39) Energy: 23(23) Def: 8 Gold: 637 Moves: 2244 Dungeon seed: c4zv_I-A94_Ls0vu Game ID: Vis_1497171825 Your Inventory: Coins $ - 637 gold pieces Weapons a - a +3 spear (weapon in hand) b - a +0 dagger Armor e - an uncursed +2 small shield (being worn) q - an uncursed +0 elven mithril-coat (being worn) Comestibles d - 5 uncursed food rations t - an uncursed sprig of wolfsbane v - an uncursed egg G - an uncursed lichen corpse H - a blessed tin of spinach J - 2 cursed tins of gecko meat Scrolls h - an uncursed scroll of identify Spellbooks w - an uncursed spellbook of charm monster Potions B - an uncursed potion of water C - 2 uncursed potions of hallucination D - a cursed potion of hallucination E - an uncursed potion of gain ability Wands c - a wand of cold (0:5) k - a wand of enlightenment (0:11) m - a wand of enlightenment (0:11) o - a wand of secret door detection (0:10) s - a wand of enlightenment (0:11) u - a wand of light (0:11) x - a wand of magic missile (0:3) Tools f - an uncursed oil lamp (0:1358) g - an uncursed skeleton key l - a magic marker (0:95) p - an uncursed skeleton key F - an uncursed leash I - an uncursed bag of holding Gems n - an uncursed worthless piece of white glass r - an uncursed worthless piece of violet glass y - an uncursed worthless piece of blue glass z - an uncursed topaz N - an uncursed jacinth Spells and supernatural/magical abilities: Name Level Category Fail Memory W - pray for help -- divine ? -- Your skills at the end: Miscellaneous Skills shield [Basic] wands [Basic] stealth [Basic] Weapon Skills dagger [Basic] spear [Skilled] Spellcasting Skills Final Attributes: You were devoutly aligned. You were cold resistant. Your writing hand was a little cramped from use. You were somewhat stealthy. You could fly. You were lucky. You are dead. Vanquished creatures: a dwarf lord a bugbear an imp an Uruk-hai a rock piercer a fog cloud 2 gnome lords a gnomish wizard a gray ooze 3 giant ants 2 dwarves a homunculus 2 centipedes a jitterbug a large kobold a gecko a giant rat a green mold 13 gnomes 5 garter snakes 2 jackals 3 newts a goblin 2 sewer rats 3 lichens 52 creatures vanquished. Voluntary challenges: You did not adorn yourself with jewelry or accessories. You did not cause conflict. You were not invisible. You did not have reflection. You were not displaced. You were an atheist. You used a wielded weapon 69 times, starting on turn 49. You did not apply a unicorn horn. You did not use plumbed fixtures. You did not drink any magical draughts. You read items or engraved 5 times, starting on turn 449. You never genocided any monsters. You never polymorphed an object. You never changed form. You used no wishes. You never split a pudding. You never wrote Elbereth's name. You violated your moral code, losing 1 point of alignment, starting on turn 1637. Dungeon overview: The Dungeons of Doom: levels 1 to 8 Level 1 a sink a long staircase Level 2 a hardware shop stairs to The Gnomish Mines Level 3 Level 4 Level 5 Level 6 Level 7 many fountains Level 8 The Gnomish Mines: levels 3 to 4 Level 3 stairs to The Dungeons of Doom Level 4 <- You were here History has recorded: On T:1 you entered the Dungeons of Doom to retrieve the Amulet of Yendor! On T:127 you reached level 2 of The Dungeons of Doom. On T:315 you reached level 1 of The Gnomish Mines. On T:495 you reached level 3 of The Dungeons of Doom. On T:582 you reached level 4 of The Dungeons of Doom. On T:812 you advanced to experience level 2. On T:938 you reached level 5 of The Dungeons of Doom. On T:1101 you reached level 6 of The Dungeons of Doom. On T:1285 you reached level 7 of The Dungeons of Doom. On T:1339 you advanced to experience level 3. On T:1389 you reached level 8 of The Dungeons of Doom. On T:1413 you advanced to experience level 4. On T:1555 you advanced to experience level 5. On T:2082 you advanced to experience level 6. On T:2156 you reached level 2 of The Gnomish Mines. Score breakdown: Gold: 637 ( 63 points) Experience: 6 levels ( 500 points) Exploration: 8 levels ( 210 points) Discoveries: 7 items ( 350 points) Variety of kills: 25 monsters ( 1250 points) Major goal: (nothing yet) ( 0 points) Survival: died (score multiplied by 3) Total score: 7119 Latest messages: You are now more skilled in spear. You jab the Uruk-hai! The Uruk-hai turns to flee! The dwarf lord wields a dwarvish mattock! The dwarf lord swings his dwarvish mattock at you. The dwarf lord hits you! You kill the Uruk-hai! You jab the dwarf lord! The dwarf lord swings his dwarvish mattock at you. The dwarf lord hits you! The dwarf lord swings his dwarvish mattock at you. The dwarf lord misses. You kill the dwarf lord! You jab the gnomish wizard! The gnomish wizard points all around, then curses. You kill the gnomish wizard! $ - 7 gold pieces. There are several more objects here. You kill the gnome! (2x) There are a few objects here. You see here an aklys. The Uruk-hai wields an orcish spear! The Uruk-hai thrusts one of his orcish spears at you. The Uruk-hai jabs you! You die... Final status: Farvel Vis the Valkyrie, killed by an Uruk-hai... You died in The Gnomish Mines on dungeon level 4 with 7119 points, and 637 pieces of gold, after 2244 moves. You were level 6 with a maximum of 39 hit points when you died.